| TOP OF THE 1ST |
|
Houston Astros batting - Pitching for Seattle Mariners : LHP Larry Tuckfard
|
|
Pitching: LHP Larry Tuckfard
|
|
|
Batting: RHB Jeremy Trump
|
0-0: DOUBLE (Line Drive, 7LS, EV 101.3 MPH)
|
|
Batting: RHB Chang-wei Jiang
|
0-0: Called Strike 0-1: SINGLE (Line Drive, 4M, EV 109.4 MPH) Jeremy Trump to third Runner from 3rd tries for Home, SAFE, throw by CF to home Chang-wei Jiang to second
|
|
Batting: SHB Addick de Vries
|
0-0: Ball 1-0: Swinging Strike 1-1: Ball 2-1: Fly out, F3 (Popup, 34, EV 70.6 MPH)
|
|
Batting: RHB Danny Dyer
|
0-0: Called Strike 0-1: Foul Ball, location: 2F 0-2: SINGLE (Groundball, 6M, EV 101.9 MPH) Chang-wei Jiang to third Runner from 3rd tries for Home, throw by CF and OUT! 8-2 Danny Dyer to second
|
|
Batting: RHB Josh Froyd
|
0-0: Called Strike 0-1: Ball 1-1: Called Strike 1-2: Ball 2-2: Fly out, F9 (Flyball, 9, EV 85.6 MPH)
|
| Top of the 1st over - 1 run, 3 hits, 0 errors, 1 left on base; Houston 1 - Seattle 0 |
| BOTTOM OF THE 1ST |
|
Seattle Mariners batting - Pitching for Houston Astros : RHP Seth Bowersox
|
|
Pitching: RHP Seth Bowersox
|
|
|
Batting: LHB John Zumbo
|
0-0: Called Strike 0-1: Ball 1-1: Ball 2-1: Ball 3-1: Foul Ball, location: 2F 3-2: Base on Balls
|
|
Batting: LHB Bi-jun Chien
|
0-0: Ball 1-0: Ball 2-0: Called Strike 2-1: Ball 3-1: SINGLE (Groundball, 6D, EV 96.9 MPH) John Zumbo to second
|
|
Batting: SHB Floyd-William Goof
|
0-0: Called Strike 0-1: Foul Ball, location: 2F 0-2: Ball 1-2: Ball 2-2: Foul Ball, location: 2F 2-2: Foul Ball, location: 2F 2-2: Ball 3-2: Grounds into double play, 6-4-3 (Groundball, 6, EV 93.8 MPH) John Zumbo to third
|
|
Batting: SHB Tze-meng Gan
|
0-0: Foul Ball, location: 2F 0-1: Ball 1-1: Foul Ball, location: 2F 1-2: Strikes out looking
|
| Bottom of the 1st over - 0 runs, 1 hit, 0 errors, 1 left on base; Houston 1 - Seattle 0 |
| TOP OF THE 2ND |
|
Houston Astros batting - Pitching for Seattle Mariners : LHP Larry Tuckfard
|
|
Batting: LHB Ian Jarvis
|
0-0: Ball 1-0: Ball 2-0: Called Strike 2-1: Fly out, F9 (Flyball, 9LM, EV 96.3 MPH)
|
|
Batting: RHB Trevor Mock
|
0-0: Ball 1-0: Ball 2-0: Ball 3-0: Called Strike 3-1: Called Strike 3-2: Foul Ball, location: 2F 3-2: Strikes out swinging
|
|
Batting: SHB Joe Gardner
|
0-0: Foul Ball, location: 2F 0-1: Ball 1-1: Ball 2-1: Foul Ball, location: 2F 2-2: Strikes out swinging
|
| Top of the 2nd over - 0 runs, 0 hits, 0 errors, 0 left on base; Houston 1 - Seattle 0 |
| BOTTOM OF THE 2ND |
|
Seattle Mariners batting - Pitching for Houston Astros : RHP Seth Bowersox
|
|
Batting: LHB Dae-ik Yoon
|
0-0: Foul Ball, location: 2F 0-1: Foul Ball, location: 2F 0-2: Ball 1-2: DOUBLE (Line Drive, 7LS, EV 110.6 MPH)
|
|
Batting: RHB Jose Vasquez
|
0-0: Ball 1-0: Fly out, F8 (Line Drive, 8RM, EV 95.6 MPH)
|
|
Batting: RHB Steve Bartman Jr.
|
0-0: Ball 1-0: Ball Dae-ik Yoon steals 3rd, throwing error, E2 Dae-ik Yoon scores 2-0: Ball 3-0: Called Strike 3-1: Foul Ball, location: 2F 3-2: Ground out 4-3 (Groundball, 4, EV 83.8 MPH)
|
|
Batting: RHB Corey Ottinger
|
0-0: Called Strike 0-1: Ball 1-1: DOUBLE (Line Drive, 5D, EV 110.0 MPH)
|
|
Batting: SHB Nelson Powell
|
0-0: Called Strike 0-1: Ball 1-1: Foul Ball, location: 2F 1-2: SINGLE (Groundball, 4MD, EV 100.6 MPH) Corey Ottinger to third Runner from 3rd tries for Home, SAFE, throw by CF to home Nelson Powell to second
|
|
Batting: LHB John Zumbo
|
0-0: Ball 1-0: Foul Ball, location: 2F 1-1: Ball 2-1: Foul Ball, location: 2F 2-2: Ball 3-2: Foul Ball, location: 2F 3-2: SINGLE (Flyball, 78S, EV 93.1 MPH) Nelson Powell to third Runner from 3rd tries for Home, SAFE, throw by CF to home
|
|
Batting: LHB Bi-jun Chien
|
0-0: Ball 1-0: Called Strike 1-1: Ball 2-1: Ball 3-1: Ground out U3 (Groundball, 3, EV 85.0 MPH)
|
| Bottom of the 2nd over - 3 runs, 4 hits, 1 error, 1 left on base; Houston 1 - Seattle 3 |
| TOP OF THE 3RD |
|
Houston Astros batting - Pitching for Seattle Mariners : LHP Larry Tuckfard
|
|
Batting: LHB Bryce Hill
|
0-0: Called Strike 0-1: Ball 1-1: Ball 2-1: Called Strike 2-2: Foul Ball, location: 2F 2-2: Ground out 4-3 (Groundball, 4, EV 83.8 MPH)
|
|
Batting: RHB Jeremy Trump
|
0-0: Swinging Strike 0-1: Ball 1-1: Called Strike 1-2: Strikes out swinging
|
|
Batting: RHB Chang-wei Jiang
|
0-0: Called Strike 0-1: Swinging Strike 0-2: Strikes out swinging
|
| Top of the 3rd over - 0 runs, 0 hits, 0 errors, 0 left on base; Houston 1 - Seattle 3 |
| BOTTOM OF THE 3RD |
|
Seattle Mariners batting - Pitching for Houston Astros : RHP Seth Bowersox
|
|
Batting: SHB Floyd-William Goof
|
0-0: Ball 1-0: Ball 2-0: Foul Ball, location: 2F 2-1: Ball 3-1: Base on Balls
|
|
Batting: SHB Tze-meng Gan
|
0-0: Ball Pickoff Throw to First - Out! 1-3 1-0: Ball 2-0: Ball 3-0: Base on Balls
|
|
Batting: LHB Dae-ik Yoon
|
0-0: Ball 1-0: Ball 2-0: Called Strike 2-1: Ball 3-1: Base on Balls Tze-meng Gan to second
|
|
Batting: RHB Jose Vasquez
|
0-0: Ball 1-0: Ball 2-0: Called Strike 2-1: SINGLE (Groundball, 56S, EV 70.6 MPH) (infield hit) Tze-meng Gan to third Dae-ik Yoon to second
|
|
Batting: RHB Steve Bartman Jr.
|
0-0: Ball 1-0: Called Strike 1-1: Foul Ball, location: 2F 1-2: Strikes out swinging
|
|
Batting: RHB Corey Ottinger
|
0-0: Ball 1-0: SINGLE (Line Drive, 4M, EV 94.4 MPH) Tze-meng Gan scores Dae-ik Yoon to third Jose Vasquez to second Runner from 3rd tries for Home, SAFE, throw by CF to home
|
|
Pitching: RHP Kyle McPeak
|
|
|
Batting: SHB Nelson Powell
|
0-0: Ball 1-0: Called Strike 1-1: Foul Ball, location: 2F 1-2: Foul Ball, location: 2F 1-2: Strikes out swinging
|
| Bottom of the 3rd over - 2 runs, 2 hits, 0 errors, 2 left on base; Houston 1 - Seattle 5 |
| TOP OF THE 4TH |
|
Houston Astros batting - Pitching for Seattle Mariners : LHP Larry Tuckfard
|
|
Batting: SHB Addick de Vries
|
0-0: Called Strike 0-1: Ball 1-1: SINGLE (Groundball, 56D, EV 95.6 MPH)
|
|
Batting: RHB Danny Dyer
|
0-0: Called Strike 0-1: Foul Ball, location: 2F 0-2: Strikes out looking
|
|
Batting: RHB Josh Froyd
|
0-0: Swinging Strike 0-1: Ball 1-1: Called Strike 1-2: Strikes out looking
|
|
Batting: LHB Ian Jarvis
|
0-0: Called Strike 0-1: Ball 1-1: Fly out, F9 (Flyball, 9S, EV 80.6 MPH)
|
| Top of the 4th over - 0 runs, 1 hit, 0 errors, 1 left on base; Houston 1 - Seattle 5 |
| BOTTOM OF THE 4TH |
|
Seattle Mariners batting - Pitching for Houston Astros : RHP Kyle McPeak
|
|
Batting: LHB John Zumbo
|
0-0: Ball 1-0: Called Strike 1-1: Foul Ball, location: 2F 1-2: Ball 2-2: Strikes out swinging
|
|
Batting: LHB Bi-jun Chien
|
0-0: Called Strike 0-1: Fly out, F4 (Flyball, 4MD, EV 91.3 MPH)
|
|
Batting: SHB Floyd-William Goof
|
0-0: Swinging Strike 0-1: Fly out, F5 (Line Drive, 5, EV 73.8 MPH)
|
| Bottom of the 4th over - 0 runs, 0 hits, 0 errors, 0 left on base; Houston 1 - Seattle 5 |
| TOP OF THE 5TH |
|
Houston Astros batting - Pitching for Seattle Mariners : LHP Larry Tuckfard
|
|
Batting: RHB Trevor Mock
|
0-0: Ground out 5-3 (Groundball, 5, EV 88.1 MPH)
|
|
Batting: SHB Joe Gardner
|
0-0: Foul Ball, location: 2F 0-1: Foul Ball, location: 2F 0-2: Ball 1-2: Ball 2-2: Foul Ball, location: 2F 2-2: Strikes out swinging
|
|
Batting: LHB Bryce Hill
|
0-0: Ball 1-0: Swinging Strike 1-1: Ball 2-1: Swinging Strike 2-2: Ball 3-2: Strikes out looking
|
| Top of the 5th over - 0 runs, 0 hits, 0 errors, 0 left on base; Houston 1 - Seattle 5 |
| BOTTOM OF THE 5TH |
|
Seattle Mariners batting - Pitching for Houston Astros : RHP Kyle McPeak
|
|
Batting: SHB Tze-meng Gan
|
0-0: Called Strike 0-1: Ball 1-1: Ball 2-1: Fly out, F8 (Flyball, 8LD, EV 94.4 MPH)
|
|
Batting: LHB Dae-ik Yoon
|
0-0: Ground out 6-3 (Groundball, 6, EV 99.4 MPH)
|
|
Batting: RHB Jose Vasquez
|
0-0: Called Strike 0-1: Ball 1-1: DOUBLE (Line Drive, 7LS, EV 103.1 MPH)
|
|
Batting: RHB Steve Bartman Jr.
|
0-0: Ball 1-0: Ball 2-0: Called Strike 2-1: Foul Ball, location: 2F 2-2: Fly out, F7 (Flyball, 7, EV 92.5 MPH)
|
| Bottom of the 5th over - 0 runs, 1 hit, 0 errors, 1 left on base; Houston 1 - Seattle 5 |
| TOP OF THE 6TH |
|
Houston Astros batting - Pitching for Seattle Mariners : LHP Larry Tuckfard
|
|
Batting: RHB Jeremy Trump
|
0-0: Ball 1-0: Ground out 4-3 (Groundball, 4S, EV 86.9 MPH)
|
|
Batting: RHB Chang-wei Jiang
|
0-0: Foul Ball, location: 2F 0-1: Foul Ball, location: 2F 0-2: Ground out 4-3 (Groundball, 4, EV 81.3 MPH)
|
|
Batting: SHB Addick de Vries
|
0-0: Foul Ball, location: 2F 0-1: Called Strike 0-2: Ball 1-2: Foul Ball, location: 2F 1-2: Ball 2-2: Foul Ball, location: 2F 2-2: Strikes out swinging
|
| Top of the 6th over - 0 runs, 0 hits, 0 errors, 0 left on base; Houston 1 - Seattle 5 |
| BOTTOM OF THE 6TH |
|
Seattle Mariners batting - Pitching for Houston Astros : RHP Kyle McPeak
|
|
Batting: RHB Corey Ottinger
|
0-0: SINGLE (Groundball, 56S, EV 68.8 MPH) (infield hit)
|
|
Batting: SHB Nelson Powell
|
0-0: Ball 1-0: Ball 2-0: Ball 3-0: Called Strike 3-1: Base on Balls Corey Ottinger to second
|
|
Pitching: RHP Jose Saenz
|
|
|
Batting: LHB John Zumbo
|
0-0: Ball 1-0: Swinging Strike 1-1: Called Strike 1-2: Foul Ball, location: 2F 1-2: Foul Ball, location: 2F 1-2: Strikes out swinging
|
|
Batting: LHB Bi-jun Chien
|
0-0: Ball 1-0: Called Strike 1-1: Ball 2-1: Foul Ball, location: 2F 2-2: Ball 3-2: Foul Ball, location: 2F 3-2: 3-RUN HOME RUN (Flyball, 9D, EV 106.9 MPH), Distance : 411 ft
|
|
Batting: SHB Floyd-William Goof
|
0-0: Ball 1-0: Called Strike 1-1: Ball 2-1: Ball 3-1: Foul Ball, location: 2F 3-2: Fly out, F4 (Line Drive, 4, EV 65.6 MPH)
|
|
Batting: SHB Tze-meng Gan
|
0-0: Foul Ball, location: 2F 0-1: Foul Ball, location: 2F 0-2: Strikes out looking
|
| Bottom of the 6th over - 3 runs, 2 hits, 0 errors, 0 left on base; Houston 1 - Seattle 8 |
| TOP OF THE 7TH |
|
Houston Astros batting - Pitching for Seattle Mariners : LHP Larry Tuckfard
|
|
Batting: RHB Danny Dyer
|
0-0: Ball 1-0: Ball 2-0: Called Strike 2-1: Foul Ball, location: 2F 2-2: Strikes out swinging
|
|
Batting: RHB Josh Froyd
|
0-0: Called Strike 0-1: Ball 1-1: Swinging Strike 1-2: SINGLE (Groundball, 4D, EV 94.4 MPH)
|
|
Batting: LHB Ian Jarvis
|
0-0: DOUBLE (Line Drive, 7LS, EV 111.9 MPH) Josh Froyd to third Runner from 3rd tries for Home, SAFE, throw by LF to home
|
|
Batting: RHB Trevor Mock
|
0-0: Foul Ball, location: 2F 0-1: SINGLE (Groundball, 56S, EV 70.6 MPH) (infield hit) Ian Jarvis to third
|
|
Batting: SHB Joe Gardner
|
0-0: Called Strike 0-1: Called Strike 0-2: Strikes out looking
|
|
Batting: LHB Bryce Hill
|
0-0: Ball 1-0: Ball 2-0: Fly out, F7 (Flyball, 78D, EV 110.6 MPH)
|
| Top of the 7th over - 1 run, 3 hits, 0 errors, 2 left on base; Houston 2 - Seattle 8 |
| BOTTOM OF THE 7TH |
|
Seattle Mariners batting - Pitching for Houston Astros : RHP Jose Saenz
|
|
Batting: LHB Dae-ik Yoon
|
0-0: Ball 1-0: Ball 2-0: Foul Ball, location: 2F 2-1: DOUBLE (Groundball, 5L, EV 101.3 MPH)
|
|
Batting: RHB Jose Vasquez
|
0-0: Ball 1-0: Foul Ball, location: 2F 1-1: Foul Ball, location: 2F 1-2: Strikes out swinging
|
|
Batting: RHB Steve Bartman Jr.
|
0-0: Called Strike 0-1: Ball 1-1: Fly out, F9 (Flyball, 89S, EV 90.6 MPH)
|
|
Batting: RHB Corey Ottinger
|
0-0: 2-RUN HOME RUN (Flyball, 7D, EV 98.8 MPH), Distance : 372 ft
|
|
Batting: SHB Nelson Powell
|
0-0: Ball 1-0: Called Strike 1-1: Called Strike 1-2: Ground out 4-3 (Groundball, 4, EV 86.3 MPH)
|
| Bottom of the 7th over - 2 runs, 2 hits, 0 errors, 0 left on base; Houston 2 - Seattle 10 |
| TOP OF THE 8TH |
|
Houston Astros batting - Pitching for Seattle Mariners : LHP Larry Tuckfard
|
|
Batting: RHB Jeremy Trump
|
0-0: Ball 1-0: Ball 2-0: SINGLE (Groundball, 6D, EV 106.9 MPH)
|
|
Batting: RHB Chang-wei Jiang
|
0-0: Foul Ball, location: 2F 0-1: Called Strike 0-2: Strikes out swinging
|
|
Pitching: RHP Takaaki Nakada
|
|
|
Batting: SHB Addick de Vries
|
0-0: Ball 1-0: Ball 2-0: Called Strike 2-1: SINGLE (Line Drive, 78S, EV 106.3 MPH) Jeremy Trump to second
|
|
Batting: RHB Danny Dyer
|
0-0: Called Strike 0-1: Grounds into double play, 6-4-3 (Groundball, 6, EV 79.4 MPH)
|
| Top of the 8th over - 0 runs, 2 hits, 0 errors, 1 left on base; Houston 2 - Seattle 10 |
| BOTTOM OF THE 8TH |
|
Seattle Mariners batting - Pitching for Houston Astros : RHP Jose Saenz
|
|
Batting: LHB John Zumbo
|
0-0: Ball 1-0: Called Strike 1-1: SINGLE (Line Drive, 5L, EV 103.8 MPH)
|
|
Batting: LHB Bi-jun Chien
|
0-0: Ball 1-0: Ball 2-0: SINGLE (Flyball, 56D, EV 93.1 MPH) John Zumbo to second
|
|
Pitching: RHP John Zike
|
|
|
Batting: SHB Floyd-William Goof
|
0-0: Foul Ball, location: 2F 0-1: Ball 1-1: Called Strike 1-2: Ball 2-2: Foul Ball, location: 2F 2-2: Ball 3-2: DOUBLE (Line Drive, 78M, EV 108.1 MPH) John Zumbo scores Bi-jun Chien to third
|
|
Batting: SHB Tze-meng Gan
|
0-0: Foul Ball, location: 2F 0-1: Ball 1-1: Ball 2-1: Foul Ball, location: 2F 2-2: Fly out, F8 (Flyball, 78M, EV 90.0 MPH)
|
|
Batting: LHB Dae-ik Yoon
|
0-0: Foul Ball, location: 2F 0-1: Ball 1-1: Ball 2-1: Foul Ball, location: 2F 2-2: Ball 3-2: Fly out, F8 (Flyball, 8RS, EV 96.3 MPH)
|
|
Batting: RHB Jose Vasquez
|
0-0: Ball 1-0: Swinging Strike 1-1: Called Strike 1-2: Foul Ball, location: 2F 1-2: Ground out U3 (Groundball, 34, EV 90.0 MPH)
|
| Bottom of the 8th over - 1 run, 3 hits, 0 errors, 2 left on base; Houston 2 - Seattle 11 |
| TOP OF THE 9TH |
|
Houston Astros batting - Pitching for Seattle Mariners : RHP Takaaki Nakada
|
|
Batting: RHB Josh Froyd
|
0-0: Fly out, F8 (Line Drive, 8RM, EV 99.4 MPH)
|
|
Batting: LHB Ian Jarvis
|
0-0: Called Strike 0-1: Ball 1-1: Called Strike 1-2: Ball 2-2: Fly out, F9 (Flyball, 9S, EV 94.4 MPH)
|
|
Batting: RHB Trevor Mock
|
0-0: Called Strike 0-1: Swinging Strike 0-2: Foul Ball, location: 2F 0-2: Strikes out swinging
|
| Top of the 9th over - 0 runs, 0 hits, 0 errors, 0 left on base; Houston 2 - Seattle 11 |
|